[Event "Titled Tuesday Blitz December 13 Late 2022"]
[White "Liu, Kelsey"]
[Black "Floresvillar Gonzalez, Luis Migu"]
[WhiteFideId "30944481"]
[BlackFideId "5100542"]
[WhiteElo "2286"]
[BlackElo "2040"]
[Result "1/2-1/2"]
[Round "05"]
[TimeControl "180+1"]
[Date "2022.12.14"]
[WhiteClock "0:00:08"]
[BlackClock "0:00:07"]

1. e4 e6 2. d4 d5 3. Nc3 dxe4 4. Nxe4 Nd7 5. g3 Ngf6 6. Nxf6+ Nxf6 7. Bg2 c5 8. Nf3 cxd4 9. Qxd4 Qxd4 10. Nxd4 a6 11. Bd2 Bc5 12. Nb3 Bb6 13. O-O O-O 14. c4 Rd8 15. Bc3 Kf8 16. c5 Bc7 17. Na5 Nd5 18. Bd2 Rb8 19. Nc4 b5 20. cxb6 Nxb6 21. Nxb6 Bxb6 22. Bf4 Rb7 23. Bxb7 Bxb7 24. Rfd1 Bd5 25. b3 Ke7 26. Rac1 Rd7 27. Rc8 h5 28. Rg8 Kf6 29. h4 e5 30. Bg5+ Kg6 31. Rb8 Ba5 32. a3 Bc3 33. Rb6+ f6 34. Rxa6 Bd4 35. Be3 Bxb3 36. Rd2 Rd5 37. Bxd4 exd4 38. a4 d3 39. a5 Bc2 40. Rc6 Rxa5 41. Kg2 Ra2 42. Kf3 Ra3 43. Ke3 Ra4 44. Rd6 Ra3 45. R6xd3 Bxd3 46. Rxd3 Rxd3+ 47. Kxd3 Kf5 48. Ke3 g5 49. hxg5 fxg5 50. Kf3 h4 51. gxh4 gxh4 52. Kg2 Kf4 53. Kh3 Kf3 54. Kxh4 Kxf2 1/2-1/2


[Site "https://www.chess.com"]

[Event "Titled Tuesday Blitz December 13 Late 2022"]
[White "Maksimovic, Bojan"]
[Black "Paravyan, David"]
[WhiteFideId "14408120"]
[BlackFideId "4194985"]
[WhiteElo "2462"]
[BlackElo "2551"]
[Result "1/2-1/2"]
[Round "05"]
[TimeControl "180+1"]
[Date "2022.12.13"]
[WhiteClock "0:00:09"]
[BlackClock "0:00:46"]

1. d4 Nf6 2. c4 g6 3. Nc3 d5 4. cxd5 Nxd5 5. e4 Nxc3 6. bxc3 Bg7 7. Be3 c5 8. Qd2 Qa5 9. Rb1 b6 10. Bb5+ Bd7 11. Be2 Nc6 12. Nf3 cxd4 13. cxd4 Rc8 14. e5 O-O 15. O-O Bf5 16. Rb5 Qxd2 17. Nxd2 Na5 18. g4 Be6 19. Rb2 Rfd8 20. f4 Nc4 21. Nxc4 Bxc4 22. f5 Bxe2 23. Rxe2 Rc3 24. Kf2 Rd5 25. Rb1 gxf5 26. gxf5 f6 27. Rg1 Kf8 28. Bd2 Rd3 29. Bb4 fxe5 30. Bxe7+ Kxe7 31. Rxg7+ Kf6 32. Rxa7 exd4 33. Rxh7 Rxf5+ 34. Kg2 Rd1 35. Rh6+ Kg5 36. Rxb6 d3 37. Re4 Rd5 38. Rbb4 d2 39. Rbd4 Kf5 40. Rxd5+ Kxe4 41. Rd8 Ke3 42. Re8+ Kd3 43. Rd8+ Kc2 44. Rc8+ Kb2 45. Rd8 Kc3 46. Rc8+ Kb2 47. Rd8 Kc2 48. Rc8+ Kb1 49. Rd8 Kc1 50. Rc8+ Kb1 51. Rd8 Kc2 1/2-1/2


[Site "https://www.chess.com"]

[Event "Titled Tuesday Blitz December 13 Late 2022"]
[White "Marcolino, Daniel Mattos"]
[Black "Silvestre, Christian"]
[WhiteFideId "2106841"]
[BlackFideId "30956269"]
[WhiteElo "2143"]
[BlackElo "2337"]
[Result "0-1"]
[Round "05"]
[TimeControl "180+1"]
[Date "2022.12.14"]
[WhiteClock "0:00:06"]
[BlackClock "0:00:14"]

1. d4 Nf6 2. Nf3 g6 3. g3 Bg7 4. Bg2 O-O 5. O-O d6 6. b3 c6 7. Bb2 Qa5 8. Re1 Qh5 9. e4 Bg4 10. Nbd2 Nbd7 11. Qe2 Bh6 12. Rad1 e5 13. Qf1 Bxd2 14. Nxd2 Bxd1 15. Rxd1 c5 16. dxc5 Nxc5 17. b4 Ne6 18. Nc4 Nd4 19. Bxd4 exd4 20. Rxd4 Rad8 21. Qd3 Ng4 22. h3 Ne5 23. Nxe5 Qxe5 24. c3 b6 25. Rd5 Qe7 26. Bf3 Qc7 27. Kg2 Rfe8 28. a3 Re5 29. Rd4 Kg7 30. h4 h5 31. Bd1 Qe7 32. Bb3 Qf6 33. Bd5 Re7 34. f4 Rc7 35. Qd2 Rdc8 36. c4 b5 37. Qd3 bxc4 38. Rxc4 Rxc4 39. Bxc4 Qb2+ 40. Kh3 Qf6 41. Qd5 Qe6+ 42. Qxe6 fxe6 43. Bxe6 Rc3 44. b5 Rxa3 45. Bd5 Re3 46. Kg2 Kf6 47. Kf2 Rc3 48. Kg2 Ra3 49. Bc6 Ke7 50. Kh2 Rb3 51. Kg2 Rb2+ 52. Kf3 Rb3+ 53. Kf2 Rc3 54. Kg2 Kf6 55. Kf2 a5 56. Bd5 a4 57. b6 Rc2+ 58. Ke3 Rb2 59. b7 a3 60. Kd4 Rxb7 61. Kc3 Rb2 62. Bc4 Rg2 0-1


[Site "https://www.chess.com"]

[Event "Titled Tuesday Blitz December 13 Late 2022"]
[White "Martinez Alcantara, Jose Eduardo"]
[Black "Khandelwal, Ankush"]
[WhiteFideId "3805662"]
[BlackFideId "413470"]
[WhiteElo "2707"]
[BlackElo "2271"]
[Result "1-0"]
[Round "05"]
[TimeControl "180+1"]
[Date "2022.12.14"]
[WhiteClock "0:02:00"]
[BlackClock "0:00:08"]

1. e4 c5 2. Nf3 d6 3. c3 Nf6 4. h3 g6 5. Bd3 Bg7 6. Bc2 O-O 7. O-O e5 8. d4 exd4 9. cxd4 Nc6 10. d5 Nb4 11. Nc3 Nxc2 12. Qxc2 a6 13. Bf4 b5 14. Rad1 Bb7 15. Rfe1 Qb6 16. b3 Rac8 17. a4 b4 18. Nb1 c4 19. bxc4 b3 20. Qe2 Rfe8 21. Nbd2 Nxe4 22. Nxe4 f5 23. Be3 Qc7 24. Neg5 f4 25. Ne6 Rxe6 26. dxe6 fxe3 27. Qxe3 Qxc4 28. e7 Re8 29. Rxd6 b2 30. Rd8 Bc6 31. Nd2 Qc1 32. Qe6+ Kh8 33. Rf1 Qc3 34. Qf7 1-0


[Site "https://www.chess.com"]

[Event "Titled Tuesday Blitz December 13 Late 2022"]
[White "Martinez Ramirez, Lennis"]
[Black "Gorodetzky, David"]
[WhiteFideId "3509079"]
[BlackFideId "2813416"]
[WhiteElo "2439"]
[BlackElo "2484"]
[Result "0-1"]
[Round "05"]
[TimeControl "180+1"]
[Date "2022.12.13"]
[WhiteClock "0:00:52"]
[BlackClock "0:00:06"]

1. c4 e6 2. d4 Nf6 3. Nf3 d5 4. Nc3 Be7 5. Bg5 O-O 6. e3 b6 7. Qc2 Bb7 8. Rd1 Nbd7 9. cxd5 Nxd5 10. Bxe7 Qxe7 11. Nxd5 Bxd5 12. e4 Qb4+ 13. Nd2 Bb7 14. Qxc7 Qxd4 15. Qxb7 Rfd8 16. Qa6 Nc5 17. Qc4 Qxb2 18. Be2 Rd4 19. Qc1 Qxa2 20. O-O h6 21. Nf3 Rxe4 22. Bb5 Rc8 23. Rd2 Qa5 24. Rb2 Rd8 25. Rd1 Rxd1+ 26. Qxd1 Qc3 27. Rc2 Qb3 28. Bf1 g5 29. h3 Rf4 30. Nd4 Rxd4 31. Qxd4 Qxc2 32. Qf6 Qg6 33. Qd8+ Kg7 34. Qc7 Qb1 35. Qxa7 Ne4 36. Qa4 Nf6 37. Qd4 Qb3 38. f4 gxf4 39. Qxf4 Qd5 40. Qg3+ Qg5 41. Qc3 Qc5+ 42. Qxc5 bxc5 43. Kf2 Ne4+ 44. Ke3 Nd6 45. Kf4 Kf6 46. g4 e5+ 47. Kf3 c4 48. h4 c3 49. Ke3 Ke6 50. Bh3 Kd5 51. g5 hxg5 52. h5 f5 53. h6 f4+ 54. Kd3 Nf7 55. h7 e4+ 56. Kxc3 f3 57. Bg4 Ke5 58. Bh5 Nh8 59. Kd2 Kf4 60. Kc3 g4 61. Kd2 g3 62. Ke1 g2 63. Kf2 e3+ 64. Kg1 e2 65. Bxf3 e1=Q+ 66. Kxg2 Qg3+ 67. Kh1 Ke3 68. Bg2 Kf2 69. Be4 Qg1# 0-1


[Site "https://www.chess.com"]

[Event "Titled Tuesday Blitz December 13 Late 2022"]
[White "Meduri, Aakaash"]
[Black "Averjanov, Alexey"]
[WhiteFideId "2032252"]
[BlackFideId "14109867"]
[WhiteElo "2113"]
[BlackElo "2646"]
[Result "1-0"]
[Round "05"]
[TimeControl "180+1"]
[Date "2022.12.14"]
[WhiteClock "0:00:08"]
[BlackClock "0:00:01"]

1. d4 d5 2. Bf4 Nf6 3. e3 e6 4. Nf3 c5 5. Bb5+ Nc6 6. c3 Bd6 7. dxc5 Bxc5 8. O-O Bd7 9. Nbd2 O-O 10. h3 Qe7 11. Qe2 a6 12. Ba4 h6 13. Rfe1 b5 14. Bc2 e5 15. Bh2 Rfe8 16. Rad1 Rad8 17. Nb3 Bb6 18. Qd2 Be6 19. Qc1 Bc8 20. Qb1 Bb7 21. Bg3 e4 22. Nfd4 Ne5 23. a4 Qd7 24. axb5 axb5 25. Ne2 Qe7 26. Nbd4 b4 27. Qa2 Bc5 28. Qb3 Ba8 29. Ra1 bxc3 30. bxc3 Nc4 31. Qb5 Bd6 32. Nf5 Qe6 33. Nxd6 Nxd6 34. Qa4 Nf5 35. Nd4 Nxd4 36. cxd4 Bc6 37. Qb4 Rd7 38. Ra6 Rc8 39. Ba4 Rdd8 40. Bb3 Qe8 41. Rea1 Bb5 42. Rb6 Bc4 43. Ba4 Qf8 44. Bd6 Rxd6 45. Qxd6 Qxd6 46. Rxd6 Rc7 47. Rb1 Kh7 48. Bb3 Rb7 49. Ba2 Rc7 50. Bxc4 Rxc4 51. Rb2 Kg6 52. Kh2 h5 53. h4 Kf5 54. Rdb6 Rc1 55. R2b5 Rd1 56. Rxf6+ Kxf6 57. Rxd5 g6 58. Kg3 Kg7 59. Rd7 Kg8 60. Kf4 f5 61. f3 Rg1 62. Kg3 exf3 63. Kxf3 Kf8 64. Kf2 Rb1 65. Kg3 Rb2 66. Kf3 Rc2 67. g3 Kg8 68. Kf4 Rf2+ 69. Kg5 Rf3 70. Kxg6 Rxg3+ 71. Kxh5 Rxe3 72. Kg5 Rh3 73. Re7 f4 74. d5 Rd3 75. Re5 f3 76. Kg6 Kf8 77. Rf5+ Kg8 78. h5 f2 79. h6 Kh8 80. Rf8# 1-0


[Site "https://www.chess.com"]

[Event "Titled Tuesday Blitz December 13 Late 2022"]
[White "Melikyan, Gnel"]
[Black "Buchenau, Frank"]
[WhiteFideId "54109990"]
[BlackFideId "4604350"]
[WhiteElo "2138"]
[BlackElo "2157"]
[Result "1-0"]
[Round "05"]
[TimeControl "180+1"]
[Date "2022.12.14"]
[WhiteClock "0:00:30"]
[BlackClock "0:00:04"]

1. e4 e6 2. d4 d5 3. e5 c5 4. c3 Qb6 5. Nf3 Bd7 6. a3 Bb5 7. c4 Bxc4 8. Bxc4 dxc4 9. Nc3 cxd4 10. Nxd4 Nc6 11. Nxc6 Qxc6 12. O-O Rd8 13. Qg4 Ne7 14. Bg5 h5 15. Qe2 Rd4 16. h3 Nf5 17. Rad1 Bc5 18. Rxd4 Bxd4 19. Rc1 b5 20. a4 a6 21. axb5 axb5 22. b3 b4 23. Na2 c3 24. Nxb4 Qb6 25. Nc2 Qxb3 26. Nxd4 Nxd4 27. Qd3 Qd5 28. Rxc3 O-O 29. Be3 Nf5 30. Qxd5 exd5 31. Bf4 d4 32. Rd3 Rd8 33. g4 hxg4 34. hxg4 Nh4 35. Bg5 Rd5 36. Bxh4 Rxe5 37. Rxd4 Kh7 38. Bg3 Ra5 39. Kg2 f5 40. gxf5 Rxf5 41. Rg4 Rf7 42. Be5 Kg8 43. f4 Kf8 44. Kf3 Rd7 45. Ke4 Re7 46. Rxg7 Rxg7 47. Bxg7+ Kxg7 48. Ke5 Kf7 49. Kf5 Kf8 50. Kf6 Ke8 51. Kg7 Ke7 52. f5 1-0


[Site "https://www.chess.com"]

[Event "Titled Tuesday Blitz December 13 Late 2022"]
[White "Mendez Fortes, Eduardo Jesus"]
[Black "Kanyamarala, Tarun"]
[WhiteFideId "3502376"]
[BlackFideId "45004714"]
[WhiteElo "2307"]
[BlackElo "2305"]
[Result "1-0"]
[Round "05"]
[TimeControl "180+1"]
[Date "2022.12.14"]
[WhiteClock "0:01:56"]
[BlackClock "0:02:16"]

1. e4 c5 2. Nf3 Nc6 3. d4 cxd4 4. Nxd4 Nf6 5. Nc3 e5 6. Ndb5 d6 7. Bg5 a6 8. Na3 b5 9. Nd5 Be7 10. Bxf6 Bxf6 11. c4 b4 12. Nc2 O-O 13. Qf3 Bg5 14. h4 Bh6 15. g4 f6 16. Qg3 Rb8 17. Rg1 g6 18. Bh3 Bg7 19. b3 Qa5 20. g5 f5 21. h5 fxe4 22. Bxc8 Rbxc8 23. hxg6 h6 24. gxh6 Rf3 25. Qg4 Re8 26. hxg7 Qc5 27. O-O-O Rxf2 28. Qd7 Rd8 29. Qxc6 Rxc2+ 30. Kxc2 1-0


[Site "https://www.chess.com"]

[Event "Titled Tuesday Blitz December 13 Late 2022"]
[White "Mieles Palau, Daniel"]
[Black "Stanisz, Patryk"]
[WhiteFideId "3600467"]
[BlackFideId "1123106"]
[WhiteElo "2344"]
[BlackElo "2069"]
[Result "1-0"]
[Round "05"]
[TimeControl "180+1"]
[Date "2022.12.14"]
[WhiteClock "0:00:54"]
[BlackClock "0:00:03"]

1. b3 d5 2. e3 Nf6 3. Bb2 c5 4. Nf3 Nc6 5. Bb5 Bd7 6. O-O e6 7. d3 Be7 8. Nbd2 O-O 9. Bxc6 Bxc6 10. Ne5 Rc8 11. f4 b6 12. Qe2 Bb7 13. Rf3 Nd7 14. Nxd7 Qxd7 15. Raf1 Rfd8 16. Rh3 g6 17. Nf3 Qd6 18. Be5 Qc6 19. Ng5 f6 20. Rxh7 fxe5 21. Rxe7 Rd7 22. Rxe6 Rd6 23. Qg4 d4 24. e4 Rf8 25. fxe5 Rxe6 26. Rxf8+ Kxf8 27. Nxe6+ Ke7 28. Nf4 Bc8 29. Qxg6 Qxg6 30. Nxg6+ Kf7 31. Nf4 Bg4 32. Kf2 Bd1 33. Ke1 Bxc2 34. Kd2 Bb1 35. Kc1 Bxa2 36. Kb2 c4 37. dxc4 Bxb3 38. Kxb3 a6 39. g4 b5 40. cxb5 axb5 41. g5 Ke7 42. g6 Kf8 43. e6 b4 44. Nd3 Ke7 45. g7 Kxe6 46. g8=Q+ Kf6 47. Qc4 Kg5 48. Qxd4 Kg4 49. Qf6 Kh3 50. Qg5 Kxh2 51. Qg4 Kh1 52. Ne1 Kh2 53. Qg2# 1-0


[Site "https://www.chess.com"]

[Event "Titled Tuesday Blitz December 13 Late 2022"]
[White "Milikow, Yoav"]
[Black "Fedoseev, Vladimir"]
[WhiteFideId "2822237"]
[BlackFideId "24130737"]
[WhiteElo "2416"]
[BlackElo "2733"]
[Result "0-1"]
[Round "05"]
[TimeControl "180+1"]
[Date "2022.12.13"]
[WhiteClock "0:00:01"]
[BlackClock "0:00:25"]

1. d4 Nf6 2. c4 e6 3. Nc3 Bb4 4. Qc2 b6 5. e4 Bb7 6. Bd3 c5 7. d5 Qe7 8. Ne2 exd5 9. exd5 Bxc3+ 10. Qxc3 d6 11. O-O O-O 12. Ng3 Nbd7 13. Nf5 Qe5 14. Qd2 Ne8 15. Re1 Qf6 16. f4 Nc7 17. Re7 Rad8 18. g4 Kh8 19. g5 Qg6 20. Ng3 f5 21. h4 h5 22. Qc2 Qh7 23. Bxf5 Qg8 24. Bxd7 Nxd5 25. Be6 Nxe7 26. Bxg8 Kxg8 27. b3 d5 28. Qe2 Rde8 29. Qe6+ Kh8 30. Bb2 d4 31. Re1 Bc8 32. Qd6 Nf5 33. Rxe8 Rxe8 34. Nxf5 Bxf5 35. Qd5 g6 36. b4 Re1+ 37. Kf2 Rb1 38. Bxd4+ cxd4 39. Qxd4+ Kh7 40. c5 a5 41. bxa5 bxa5 42. c6 Rb4 43. Qe5 Ra4 0-1


[Site "https://www.chess.com"]

[Event "Titled Tuesday Blitz December 13 Late 2022"]
[White "Miller, Luke C"]
[Black "Adel, Sara"]
[WhiteFideId "2096935"]
[BlackFideId "10616764"]
[WhiteElo "2502"]
[BlackElo "1997"]
[Result "1-0"]
[Round "05"]
[TimeControl "180+1"]
[Date "2022.12.14"]
[WhiteClock "0:00:14"]
[BlackClock "0:00:14"]

1. e4 c6 2. d4 d5 3. f3 dxe4 4. fxe4 e5 5. Nf3 Bg4 6. Be3 Bxf3 7. gxf3 Nd7 8. Qd2 Qh4+ 9. Bf2 Qh6 10. Qxh6 Nxh6 11. Nd2 f6 12. Bc4 exd4 13. Bxd4 Bc5 14. Nb3 Bxd4 15. Nxd4 Ne5 16. Be2 O-O-O 17. O-O-O Rhe8 18. Rhg1 g6 19. f4 Nd7 20. Bf3 Nc5 21. Rge1 Nf7 22. h4 Kc7 23. h5 g5 24. f5 a5 25. a3 a4 26. h6 Nd6 27. Ne6+ Nxe6 28. fxe6 Rxe6 29. Rd4 b5 30. Bg4 Re5 31. Bf3 Rde8 32. Red1 Nxe4 33. Rd7+ Kb6 34. Rxh7 Nf2 35. Rd6 Re1+ 36. Kd2 R1e3 37. Rxc6+ Ka5 38. Ra7# 1-0


[Site "https://www.chess.com"]

[Event "Titled Tuesday Blitz December 13 Late 2022"]
[White "Nakamura, Hikaru"]
[Black "Bortnyk, Olexandr"]
[WhiteFideId "2016192"]
[BlackFideId "14120828"]
[WhiteElo "2909"]
[BlackElo "2723"]
[Result "1-0"]
[Round "05"]
[TimeControl "180+1"]
[Date "2022.12.13"]
[WhiteClock "0:00:10"]
[BlackClock "0:00:01"]

1. c4 d6 2. Nc3 e5 3. e3 g6 4. d4 Bg7 5. g3 Nc6 6. Nge2 Bd7 7. Bg2 Qc8 8. h3 h5 9. b4 Nxb4 10. Rb1 Nc6 11. dxe5 Bxe5 12. Nd5 Nge7 13. Nxe7 Kxe7 14. Nf4 Re8 15. Nd5+ Kf8 16. Qd2 Bf5 17. Rb3 Be6 18. f4 Bg7 19. Kf2 a5 20. Bb2 Bxd5 21. cxd5 Nb4 22. Rc1 Na6 23. Ba3 Rd8 24. Rb5 b6 25. Rxb6 cxb6 26. Rxc8 Raxc8 27. Qd3 Nb4 28. Qb5 Rc2+ 29. Kf3 Rxa2 30. Qxb6 Bf6 31. Qxa5 Rb8 32. Qc7 Na6 33. Bxd6+ Kg8 34. Qc6 Rbb2 35. Qe8+ Kg7 36. Bf8+ 1-0


[Site "https://www.chess.com"]

[Event "Titled Tuesday Blitz December 13 Late 2022"]
[White "Naroditsky, Daniel"]
[Black "Kravtsiv, Martyn"]
[WhiteFideId "2026961"]
[BlackFideId "14113147"]
[WhiteElo "2628"]
[BlackElo "2695"]
[Result "1-0"]
[Round "05"]
[TimeControl "180+1"]
[Date "2022.12.13"]
[WhiteClock "0:00:05"]
[BlackClock "0:00:01"]

1. e4 e5 2. Nf3 Nc6 3. Bb5 a6 4. Ba4 Nf6 5. O-O Be7 6. Re1 b5 7. Bb3 O-O 8. a4 b4 9. d4 d6 10. dxe5 Nxe5 11. Nxe5 dxe5 12. Qxd8 Rxd8 13. Nd2 Bc5 14. Nc4 Ng4 15. Ne3 Nxe3 16. Bxe3 Bxe3 17. Rxe3 Bb7 18. f3 Rd6 19. a5 Rad8 20. Bc4 Rd2 21. Rc1 c5 22. b3 Kf8 23. Kf1 Ke7 24. Re2 Rd1+ 25. Re1 Rxc1 26. Rxc1 Rd2 27. Be2 h5 28. h4 g6 29. Ke1 Rd6 30. c3 Kd7 31. cxb4 cxb4 32. Kf2 Rd4 33. Ke3 f5 34. Rc4 f4+ 35. Kf2 Rxc4 36. Bxc4 Ke7 37. Ke2 Kf6 38. Bd5 Bc8 39. Kd3 g5 40. hxg5+ Kxg5 41. Kc4 Kh4 42. Bf7 Kg3 43. Bxh5 Kxg2 44. Kd5 Kf2 45. Kxe5 Ke3 46. Kd6 Kd4 47. e5 Kc3 48. Bf7 1-0


[Site "https://www.chess.com"]

[Event "Titled Tuesday Blitz December 13 Late 2022"]
[White "Omelja, Artem"]
[Black "Andrews, Todd"]
[WhiteFideId "14119846"]
[BlackFideId "2012456"]
[WhiteElo "2404"]
[BlackElo "2365"]
[Result "1-0"]
[Round "05"]
[TimeControl "180+1"]
[Date "2022.12.14"]
[WhiteClock "0:00:19"]
[BlackClock "0:00:04"]

1. e4 e6 2. d3 d5 3. Nd2 Nf6 4. Ngf3 Nc6 5. c3 Be7 6. e5 Nd7 7. d4 f6 8. exf6 Bxf6 9. Bd3 O-O 10. O-O e5 11. dxe5 Ndxe5 12. Be2 Bf5 13. Nb3 Be4 14. Nbd4 Qd7 15. Be3 Ng4 16. Bg5 Nxd4 17. cxd4 Bxf3 18. Bxf3 Nxh2 19. Kxh2 Bxg5 20. g3 c6 21. Kg2 Rae8 22. Qd3 Rf6 23. Rh1 h6 24. Raf1 Ref8 25. Bd1 R6f7 26. Bc2 g6 27. f4 Bd8 28. Rxh6 Rg7 29. Rfh1 Rf6 30. Qe2 Kf7 31. Rh8 Bb6 32. Rb8 Qc7 33. Rhh8 Qd7 34. Rhf8# 1-0


[Site "https://www.chess.com"]

[Event "Titled Tuesday Blitz December 13 Late 2022"]
[White "Pakleza, Zbigniew"]
[Black "Tang, Andrew"]
[WhiteFideId "1119290"]
[BlackFideId "2059630"]
[WhiteElo "2410"]
[BlackElo "2582"]
[Result "1-0"]
[Round "05"]
[TimeControl "180+1"]
[Date "2022.12.13"]
[WhiteClock "0:00:23"]
[BlackClock "0:00:01"]

1. d4 d5 2. Bf4 Nf6 3. e3 e6 4. Nd2 c5 5. c3 Nc6 6. Ngf3 Nh5 7. Be5 Qb6 8. Qb3 Nxe5 9. Nxe5 Bd6 10. Bb5+ Ke7 11. Be2 Nf6 12. f4 Nd7 13. Qc2 Qc7 14. Bd3 b6 15. Ndf3 Nf6 16. Ng5 Rf8 17. Bxh7 cxd4 18. exd4 Bxe5 19. fxe5 Ng4 20. Qe2 Nh6 21. O-O g6 22. Rf6 Ke8 23. Raf1 Qe7 24. Bxg6 Kd8 25. Qh5 Ng8 26. Rxf7 Rxf7 27. Rxf7 Qe8 28. Rxa7 Qb5 29. Nf7+ 1-0


[Site "https://www.chess.com"]

[Event "Titled Tuesday Blitz December 13 Late 2022"]
[White "Papp, Levente"]
[Black "Karas, Marek"]
[WhiteFideId "751243"]
[BlackFideId "14928558"]
[WhiteElo "2380"]
[BlackElo "2247"]
[Result "1-0"]
[Round "05"]
[TimeControl "180+1"]
[Date "2022.12.14"]
[WhiteClock "0:00:13"]
[BlackClock "0:00:35"]

1. Nf3 d5 2. g3 Nc6 3. d4 Bg4 4. Bg2 Qd7 5. c4 e6 6. O-O Nf6 7. Nc3 Bxf3 8. Bxf3 dxc4 9. e3 Bd6 10. Qa4 O-O 11. Qxc4 e5 12. d5 Ne7 13. e4 Qh3 14. Bg2 Qh5 15. h3 a6 16. Be3 Qg6 17. Qe2 Nd7 18. g4 Bc5 19. Bxc5 Nxc5 20. Qe3 Qd6 21. Rac1 Ng6 22. Ne2 a5 23. Qxc5 Qf6 24. Qxc7 h5 25. Qc3 Rac8 26. Qg3 Rcd8 27. gxh5 Ne7 28. f4 exf4 29. Nxf4 Qxb2 30. h6 g6 31. Qg5 Rd7 32. Nh5 Kh8 33. Nf6 Rdd8 34. Kh1 Qb4 35. Nd7 Rg8 36. Qe5+ Kh7 37. Nf6+ Kxh6 38. Nxg8+ Nxg8 39. Rxf7 Qd2 40. Rcf1 Rc8 41. Qf4+ Qxf4 42. R7xf4 1-0


[Site "https://www.chess.com"]

[Event "Titled Tuesday Blitz December 13 Late 2022"]
[White "Pein, Jonathan"]
[Black "Goryachkina, Aleksandra"]
[WhiteFideId "417092"]
[BlackFideId "4147103"]
[WhiteElo "2225"]
[BlackElo "2484"]
[Result "0-1"]
[Round "05"]
[TimeControl "180+1"]
[Date "2022.12.14"]
[WhiteClock "0:00:17"]
[BlackClock "0:00:06"]

1. e4 c5 2. Ne2 Nc6 3. d4 cxd4 4. Nxd4 Nf6 5. Nc3 e6 6. Be2 d6 7. O-O Be7 8. Be3 O-O 9. f3 Nxd4 10. Bxd4 a6 11. a4 Qc7 12. Qd2 Bd7 13. Rfd1 Rac8 14. Bf1 Bc6 15. Qf2 Nd7 16. Qg3 g6 17. h4 Rfd8 18. h5 Bf8 19. hxg6 hxg6 20. Bd3 Ne5 21. Kf2 Bg7 22. Be3 d5 23. exd5 Bxd5 24. Qh4 Nxd3+ 25. cxd3 Bc6 26. a5 Qd7 27. Ne2 Bb5 28. Rh1 Qxd3 29. Rae1 Rc2 30. Kg3 Rdc8 31. Nf4 Qf5 32. Rd1 f6 33. Rd4 e5 34. Qh7+ Kf7 35. Rd5 exf4+ 36. Bxf4 Qxd5 37. Re1 Qf5 38. Qh3 Qxh3+ 39. gxh3 g5 40. Be3 Rxb2 41. Bf2 Rbc2 42. h4 gxh4+ 43. Kg2 h3+ 44. Kg3 h2 45. Be3 R2c3 46. Rh1 Rxe3 47. Rxh2 Bc6 0-1


[Site "https://www.chess.com"]

[Event "Titled Tuesday Blitz December 13 Late 2022"]
[White "Pham, Khoi"]
[Black "Yoo, Christopher Woojin"]
[WhiteFideId "1054988"]
[BlackFideId "30909694"]
[WhiteElo "2521"]
[BlackElo "2463"]
[Result "0-1"]
[Round "05"]
[TimeControl "180+1"]
[Date "2022.12.14"]
[WhiteClock "0:00:43"]
[BlackClock "0:00:40"]

1. e4 e6 2. d4 d5 3. e5 c5 4. c3 Nc6 5. Nf3 Qb6 6. Bd3 Bd7 7. O-O cxd4 8. Re1 Nge7 9. h4 Nf5 10. Bxf5 exf5 11. cxd4 Be7 12. Nc3 Be6 13. Bg5 O-O 14. Bxe7 Nxe7 15. Qd2 h6 16. Ne2 Rac8 17. Rec1 Rc6 18. Nf4 Rfc8 19. h5 Qa6 20. Rxc6 Rxc6 21. Qb4 Nc8 22. Nd2 Qb6 23. Qxb6 Nxb6 24. Nb3 Rc4 25. Rc1 Na4 26. Rxc4 dxc4 27. Nc5 Nxc5 28. dxc5 c3 29. bxc3 Bxa2 30. Kf1 Kf8 31. Ke2 Ke7 32. Kd3 Kd7 33. c4 a5 34. Ne2 Bb1+ 35. Kd4 a4 36. Nc3 a3 0-1


[Site "https://www.chess.com"]

[Event "Titled Tuesday Blitz December 13 Late 2022"]
[White "Polster, Christian"]
[Black "Castillo Pena, Patricia Evarista"]
[WhiteFideId "12965081"]
[BlackFideId "6412106"]
[WhiteElo "2195"]
[BlackElo "1919"]
[Result "1-0"]
[Round "05"]
[TimeControl "180+1"]
[Date "2022.12.14"]
[WhiteClock "0:00:26"]
[BlackClock "0:00:11"]

1. e4 c5 2. Nc3 Nc6 3. Nge2 Nf6 4. g3 d6 5. Bg2 g6 6. d4 cxd4 7. Nxd4 Bg7 8. Nb3 Be6 9. O-O O-O 10. Nd5 Rc8 11. Re1 Bxd5 12. exd5 Nb4 13. c3 Na6 14. Nd4 Nc5 15. Bg5 h6 16. Be3 Qd7 17. h3 a6 18. a4 b5 19. axb5 axb5 20. Nc6 Rfe8 21. Qe2 e6 22. dxe6 Rxe6 23. Nd4 Ree8 24. Qxb5 Qxb5 25. Nxb5 Rb8 26. Nxd6 Red8 27. Bxc5 1-0


[Site "https://www.chess.com"]

[Event "Titled Tuesday Blitz December 13 Late 2022"]
[White "Prieto Aranguren, Alain"]
[Black "Cardozo Munar, Carlos Eduardo"]
[WhiteFideId "2268906"]
[BlackFideId "4409477"]
[WhiteElo "2209"]
[BlackElo "2067"]
[Result "1-0"]
[Round "05"]
[TimeControl "180+1"]
[Date "2022.12.14"]
[WhiteClock "0:01:36"]
[BlackClock "0:01:08"]

1. e4 e6 2. d4 d5 3. exd5 exd5 4. Bd3 Bd6 5. Nf3 Ne7 6. O-O O-O 7. c3 Nbc6 8. Re1 Bf5 9. Bxf5 Nxf5 10. Nbd2 Qf6 11. Nf1 h6 12. Ng3 Bxg3 13. hxg3 Nd6 14. Bf4 Rfe8 15. Qb3 g5 16. Be5 Qe6 17. Re3 Nc4 18. Re2 N6xe5 19. dxe5 Qb6 20. Rae1 c6 21. Nd4 Qc7 22. e6 fxe6 23. Rxe6 Rxe6 24. Rxe6 Rf8 25. Qc2 Qf7 26. Rxh6 Kg7 27. Rh7+ Kg8 28. Rxf7 Rxf7 29. Qg6+ Rg7 30. Qe8+ 1-0


[Site "https://www.chess.com"]

[Event "Titled Tuesday Blitz December 13 Late 2022"]
[White "Rian, Kapriaga"]
[Black "Mazurkiewicz, Michal"]
[WhiteFideId "7103263"]
[BlackFideId "1124943"]
[WhiteElo "2280"]
[BlackElo "2081"]
[Result "1-0"]
[Round "05"]
[TimeControl "180+1"]
[Date "2022.12.14"]
[WhiteClock "0:00:04"]
[BlackClock "0:00:06"]

1. d4 Nf6 2. Nf3 g6 3. Bg5 Bg7 4. Nbd2 d5 5. e3 O-O 6. Be2 h6 7. Bh4 Bf5 8. O-O Nbd7 9. Bg3 g5 10. c4 c6 11. cxd5 cxd5 12. Qb3 Qb6 13. Rfc1 Rac8 14. Ne5 Ne4 15. Nxe4 Qxb3 16. axb3 Nxe5 17. Nc5 b6 18. Bxe5 Bxe5 19. Nd3 Bd6 20. h3 a5 21. Kf1 Rxc1+ 22. Rxc1 Rc8 23. Rxc8+ Bxc8 24. Ke1 f6 25. Kd2 e5 26. Bg4 f5 27. dxe5 Bb4+ 28. Nxb4 axb4 29. Be2 Kf7 30. f4 Ke6 31. Kd3 Ba6+ 32. Kd2 Bb7 33. g3 gxf4 34. exf4 Bc6 35. Ke3 Bd7 36. Kd4 Bc6 37. g4 fxg4 38. hxg4 Ke7 39. f5 Bd7 40. Bf3 Bb5 41. Bxd5 Be2 42. f6+ Kf8 43. e6 Bxg4 44. e7+ Ke8 45. Bc6+ Bd7 46. Bxd7+ Kxd7 47. Ke4 b5 48. Kf5 Ke8 49. Kg6 h5 50. Kxh5 Kf7 51. Kg5 Ke8 52. Kg6 Kd7 53. Kg7 Ke8 54. Kg8 Kd7 55. Kf8 Kc7 56. e8=Q Kb6 57. Qe5 Ka5 58. Qd4 Ka6 59. Qxb4 Kb6 60. Ke7 Ka6 61. f7 Kb7 62. f8=Q Ka7 63. Qf2+ Ka6 64. Qf6+ Ka7 65. Qxb5 Ka8 66. Qfa6# 1-0


[Site "https://www.chess.com"]

[Event "Titled Tuesday Blitz December 13 Late 2022"]
[White "Richter, Paul"]
[Black "Topalov, Aleksandar"]
[WhiteFideId "2046350"]
[BlackFideId "925659"]
[WhiteElo "2591"]
[BlackElo "2151"]
[Result "1-0"]
[Round "05"]
[TimeControl "180+1"]
[Date "2022.12.14"]
[WhiteClock "0:00:07"]
[BlackClock "0:00:01"]

1. e4 e6 2. d4 d5 3. Nc3 Bb4 4. e5 Qd7 5. h4 h5 6. Qf3 b6 7. Qg3 g6 8. Bg5 Ba6 9. Ne2 Be7 10. Qf4 Bxg5 11. hxg5 c5 12. g4 h4 13. Qe3 Nc6 14. f4 Nge7 15. O-O-O cxd4 16. Nxd4 Bxf1 17. Rhxf1 Nxd4 18. Qxd4 O-O-O 19. Rf3 Kb8 20. Qb4 Nc6 21. Qa3 Na5 22. Qb4 Rc8 23. b3 Qc6 24. Rd2 a6 25. Ne2 Kb7 26. Nd4 Qc5 27. a3 h3 28. Rh2 Rh4 29. Rg3 Qc7 30. Kb2 Nc6 31. Nxc6 Qxc6 32. Qd2 Qc5 33. Rhxh3 Rxh3 34. Rxh3 Qg1 35. Rh7 Rc7 36. Rh8 Qxg4 37. a4 Qf5 38. Rh2 Qe4 39. Re2 Qf5 40. Rf2 a5 41. Qd4 Rc5 42. Rd2 Qh3 43. Qd3 Qg4 44. Qd4 Qf3 45. Rh2 Qf1 46. Qd2 1-0


[Site "https://www.chess.com"]